 Dungeon Crawl Stone Soup version 0.19-a0-1834-g6b7851e (webtiles) character file.

7574 jbasstz the Grappler (level 10, -4/93 HPs)
             Began as a Troll Fighter on Oct 8, 2016.
             Was a Follower of Trog.
             Slain by a basilisk (7 damage)
             ... on level 2 of the Lair of Beasts.
             The game lasted 00:53:48 (9237 turns).

jbasstz the Grappler (Troll Fighter)                Turns: 9237, Time: 00:53:49

Health: -4/93      AC:  5    Str: 28    XL:     10   Next: 97%
Magic:  9/9        EV:  1    Int:  4    God:    Trog [*.....]
Gold:   595        SH:  0    Dex: 10    Spells: 0 memorised, 9 levels left

rFire  . . .     SeeInvis +       - Unarmed
rCold  . . .     Gourm    +     a - +0 robe
rNeg   + + +     Faith    .     b - +0 shield
rPois  ∞         Spirit   .     (helmet restricted)
rElec  .         Dismiss  .     (no cloak)
rCorr  +         Reflect  +     (gloves unavailable)
MR     .....     Harm     .     (boots unavailable)
Stlth  ++........               B - +4 amulet of reflection
                                s - ring of see invisible
                                q - ring of resist corrosion

@: petrified
A: unfitting armour, claws 3, fast metabolism 3, gourmand, regeneration 1,
shaggy fur 1, tough skin 2
a: Berserk, Burn Spellbooks, Renounce Religion


You were on level 2 of the Lair of Beasts.
You worshipped Trog.
Trog was aware of your devotion.
You were completely stuffed.

You visited 3 branches of the dungeon, and saw 12 of its levels.

You collected 595 gold pieces.

Inventory:

Armour
 a - a +0 robe (worn)
 b - a +0 shield (worn)
Jewellery
 q - a ring of resist corrosion (left claw)
 s - a ring of see invisible (right claw)
 B - a +4 amulet of reflection (around neck)
 J - an uncursed amulet of the gourmand {unknown}
 L - an uncursed amulet of rage
 S - an uncursed ring of wizardry {unknown}
 W - an uncursed ring of stealth {unknown}
Wands
 i - a wand of slowing (27/48)
 w - a wand of disintegration (12/24)
 y - a wand of random effects (18/48)
 H - a wand of acid (1/15)
 K - a wand of paralysis (16/24)
 M - a wand of random effects (30/48)
 O - a wand of slowing (37/48)
 U - a wand of confusion (27/48)
 V - a wand of iceblast (10/15)
Scrolls
 e - 5 scrolls of remove curse
 g - a scroll of enchant armour {unknown}
 h - 3 scrolls of fear {unknown}
 j - 7 scrolls of identify
 l - 4 scrolls of amnesia {unknown}
 o - a scroll of noise {unknown}
 u - a scroll of immolation {unknown}
 x - 2 scrolls of teleportation {unknown}
 C - a scroll of blinking {unknown}
 E - 2 scrolls of random uselessness {unknown}
 N - a scroll of fog {unknown}
 R - 2 scrolls of magic mapping {unknown}
 Y - a scroll of enchant weapon {unknown}
Potions
 c - 2 potions of might
 k - a potion of flight {unknown}
 m - 4 potions of curing {unknown}
 n - a potion of heal wounds
 p - 2 potions of haste {unknown}
 v - a potion of invisibility {unknown}
 z - a potion of beneficial mutation
 D - a potion of lignification {unknown}
 F - a potion of agility {unknown}
 G - a potion of magic {unknown}
 P - a potion of cancellation {unknown}
 Q - a potion of ambrosia {unknown}
 T - a potion of mutation {unknown}
 Z - a potion of resistance {unknown}
Books
 I - a book of Conjurations

   Spells                             Type                      Level
   a - Magic Dart                     Conjuration                  1
   b - Searing Ray                    Conjuration                  2
   c - Dazzling Spray                 Conjuration/Hexes            3
   d - Fulminant Prism                Conjuration/Hexes            4
   e - Iskenderun's Mystic Blast      Conjuration                  4
   f - Iskenderun's Battlesphere      Conjuration/Charms           5
   Trog disapproves of the use of such an item.
Comestibles
 d - 8 bread rations
 f - 3 slices of pizza
 r - 2 meat rations
 t - 2 beef jerkies
 A - 14 fruits
 X - 2 chunks of flesh


   Skills:
 + Level 4.2 Fighting
 + Level 6.2 Dodging
 + Level 2.8 Stealth
 + Level 7.0 Shields
 + Level 11.7 Unarmed Combat


You had 9 spell levels left.
You didn't know any spells.

Dungeon Overview and Level Annotations

Branches:
Dungeon (9/15)             Temple (1/1) D:6            Lair (2/6) D:9
  Swamp: Lair:2-4    Shoals: Lair:2-4     Snake: Lair:2-4    Spider: Lair:2-4
    Orc: D:9-12

Altars:
Ashenzari
Cheibriados
Dithmenos
Elyvilon
Fedhas
Gozag
Hepliaklqana
Kikubaaqudgha
Makhleb
Nemelex Xobeh
Okawaru
Qazlal
Ru
Sif Muna
Trog
Uskayaw
Vehumet
Xom
Yredelemnul
Zin
The Shining One

Shops:
D:6 :

Annotations:
D:7 barakagiga's ghost, novice DsNe


Innate Abilities, Weirdness & Mutations

You are too large for most types of armour.
You have claws for hands.
Your metabolism is lightning-fast.
You like to eat raw meat.
Your natural rate of healing is unusually fast.
You are covered in fur. (AC +1)
You have very tough skin. (AC +2)


Message History

You hear a blaring wail to the southwest.
The crocodile bites you.
* * * LOW HITPOINT WARNING * * *
The basilisk bites you!
* * * LOW HITPOINT WARNING * * *
You hear a loud, deep croak!
You hear a croak. x3; You hear a bellow! x3
You have turned to stone.
The crocodile bites you.
* * * LOW HITPOINT WARNING * * *
The basilisk bites you. The crocodile bites you!
* * * LOW HITPOINT WARNING * * *
The basilisk bites you!
* * * LOW HITPOINT WARNING * * *
The crocodile bites you!
* * * LOW HITPOINT WARNING * * *
The basilisk gazes at you.
The crocodile bites you but does no damage.
The basilisk bites you!
You die...

....
.###P#...........
....
#####...........
.... #..#.........
... ##.#.........
.. #..#.........
#P...........
##P###.#.........
..................
###.......@.......
........#lt#.##.##
..................
......#...........
......+...........
......#...........
.r.. ............
##..#..##...#
######. ####


You could see a basilisk and a crocodile.

Vanquished Creatures
  Pikel (D:9)
  Psyche (D:9)
  A spiny frog (Lair:2)
  A komodo dragon (Lair:2)
  2 two-headed ogres (D:8)
  A meliai zombie (D:8)
  Sigmund (D:2)
  7 yaks
  Eustachio (D:6)
  2 basilisks
  Duvessa (D:4)
  A porcupine (Lair:1)
  A water moccasin (D:9)
  3 sky beasts
  2 slaves (D:9)
  An ice beast (D:8)
  3 phantoms
  2 black bears
  4 ogres
  A centaur (D:8)
  5 crocodiles
  6 bullfrogs
  Dowan (D:4)
  6 scorpions
  3 killer bees (D:8)
  2 howler monkeys
  3 crimson imps
  3 jellies
  4 orc priests
  5 hounds
  An orc wizard (D:8)
  2 bullfrog skeletons
  Terence (D:2)
  Ijyb (D:3)
  10 worker ants
  A hound zombie (D:6)
  Robin (D:3)
  A gnoll (D:4)
  A howler monkey zombie (D:8)
  A worker ant zombie (D:9)
  15 adders
  8 river rats (D:5)
  2 shadow imps
  An adder skeleton (D:5)
  5 leopard geckos
  15 orcs
  A ball python (D:3)
  3 giant cockroaches
  21 goblins
  7 hobgoblins
  3 jackals (D:7)
  5 quokkas
  8 bats
  A frilled lizard (D:1)
  A jackal skeleton (D:6)
  A jackal zombie (D:6)
  5 kobolds
  A quokka skeleton (D:8)
  24 rats
  A fungus (D:1)
223 creatures vanquished.

Vanquished Creatures (others)
  Sonja (Lair:1)
  A black bear (D:9)
  A centaur (D:9)
  A howler monkey (D:9)
4 creatures vanquished.

Grand Total: 227 creatures vanquished

Notes
Turn   | Place    | Note
-------+----------+-------------------------------------------
     0 | D:1      | jbasstz the Troll Fighter began the quest for the Orb.
     0 | D:1      | Reached XP level 1. HP: 22/22 MP: 0/0
   385 | D:1      | Reached XP level 2. HP: 29/29 MP: 1/1
  1212 | D:2      | Reached XP level 3. HP: 30/36 MP: 2/2
  1219 | D:2      | Noticed Terence
  1224 | D:2      | Killed Terence
  1355 | D:2      | Reached XP level 4. HP: 45/45 MP: 3/3
  1431 | D:2      | Noticed Sigmund
  1443 | D:2      | Killed Sigmund
  1443 | D:2      | Reached skill level 3 in Unarmed Combat
  1443 | D:2      | Reached XP level 5. HP: 35/53 MP: 4/4
  1993 | D:2      | Found a snail-covered altar of Cheibriados.
  2006 | D:2      | Found a glowing silver altar of Zin.
  2243 | D:3      | Reached XP level 6. HP: 61/61 MP: 5/5
  2267 | D:3      | Reached skill level 4 in Unarmed Combat
  2340 | D:3      | Noticed Ijyb
  2352 | D:3      | Killed Ijyb
  2357 | D:3      | Noticed Robin
  2367 | D:3      | Killed Robin
  2879 | D:4      | Noticed Duvessa
  2882 | D:4      | Noticed Dowan
  2890 | D:4      | Killed Duvessa
  2890 | D:4      | Reached skill level 5 in Unarmed Combat
  2890 | D:4      | Reached XP level 7. HP: 55/67 MP: 6/6
  2911 | D:4      | Killed Dowan
  3553 | D:5      | Entered Level 5 of the Dungeon
  3781 | D:5      | Reached skill level 6 in Unarmed Combat
  4121 | D:5      | Reached XP level 8. HP: 75/75 MP: 7/7
  4480 | D:6      | Found a staircase to the Ecumenical Temple.
  4515 | D:6      | Found Tohyasme's Book Emporium.
  4521 | D:6      | Reached skill level 7 in Unarmed Combat
  4655 | D:6      | Reached skill level 1 in Stealth
  4735 | D:6      | Noticed Eustachio
  4743 | D:6      | Killed Eustachio
  4743 | D:6      | Reached skill level 8 in Unarmed Combat
  5341 | D:7      | Reached skill level 5 in Shields
  5401 | D:7      | Noticed barakagiga's ghost (novice DsNe)
  5407 | D:7      | Reached XP level 9. HP: 49/83 MP: 8/8
  5563 | Temple   | Entered the Ecumenical Temple
  5687 | Temple   | Became a worshipper of Trog the Wrathful
  6155 | D:8      | Reached skill level 5 in Dodging
  6155 | D:8      | Reached skill level 9 in Unarmed Combat
  6572 | D:8      | Found a deep blue altar of Sif Muna.
  6711 | D:8      | Reached * piety under Trog
  6849 | D:8      | Reached skill level 10 in Unarmed Combat
  7328 | D:9      | Noticed Pikel
  7357 | D:9      | Killed Pikel
  7357 | D:9      | Reached XP level 10. HP: 84/92 MP: 9/9
  7517 | D:9      | Found a staircase to the Lair.
  7747 | D:9      | Found a burning altar of Makhleb.
  7755 | D:9      | Noticed Psyche
  7766 | D:9      | Killed Psyche
  7995 | Lair:1   | Entered Level 1 of the Lair of Beasts
  8001 | Lair:1   | Reached skill level 11 in Unarmed Combat
  8478 | Lair:1   | Noticed Sonja
  8496 | Lair:1   | Killed Sonja
  9035 | Lair:2   | Noticed a spiny frog
  9045 | Lair:2   | Killed a spiny frog
  9236 | Lair:2   | HP: 3/93 [crocodile (3)]
  9237 | Lair:2   | Slain by a basilisk

Vault maps used:
D:1:      scummos_arrival_checkerplants, minmay_gold_behind_fungi,
          interstate_on_off
D:2:      amethyst_overflow_temple_binary, st_stairs_12, uniq_terence,
          uniq_sigmund
D:3:      item_on_display_a, uniq_iyjb, uniq_robin
D:4:      first_bread, cheibrodos_gnoll_hut, uniq_duvessa
D:5:      dk_rats_in_the_wall
D:6:      serial_shops, nicolae_shop_stone, uniq_eustachio
D:8:      overflow_temple_1_default, dk_noncrumbling_4
D:9:      lair_0_dummy, basic_altar, uniq_psyche, uniq_pikel
Temple:   regret_index_temple_mists
Lair:1:   uniq_sonja

Skill      XL: |  1  2  3  4  5  6  7  8  9 10 |
---------------+-------------------------------+-----
Fighting       | 3 4 |  4.2
Dodging        | 3 4 5 6 |  6.2
Shields        | 3 4 5 6 7 |  7.0
Unarmed Combat | 3 5 6 8 10 11 | 11.7
Stealth        | 1 2 |  2.8

Action                   |  1- 3 |  4- 6 |  7- 9 | 10-12 || total
-------------------------+-------+-------+-------+-------++-------
Melee: Unarmed           |    67 |   146 |   460 |   159 ||   832
  Use: Scroll            |       |       |     5 |     2 ||     7
       Potion            |       |       |     3 |     3 ||     6
 Stab: Sleeping          |       |       |     4 |     2 ||     6
  Eat: Chunk             |     5 |    18 |    39 |    22 ||    84
       Meat ration       |     1 |       |       |       ||     1
       Beef jerky        |     1 |       |       |       ||     1
Armor: Robe              |    15 |    36 |    60 |    22 ||   133
Dodge: Dodged            |    18 |    36 |   116 |    53 ||   223
Block: Shield            |    20 |    66 |   244 |   101 ||   431
       Reflection        |       |       |     2 |     4 ||     6
